[Event "Early-Titled-Tuesday-Blitz-March-26-2024"]
[Site "Chess.com"]
[Date "2024.03.26"]
[Round "11"]
[White "Mysterio47"]
[Black "sergoy"]
[Result "0-1"]
[WhiteElo "2723"]
[BlackElo "2914"]
[TimeControl "180+1"]
[EndTime "10:07:08 PDT"]
[Termination "sergoy won on time"]

1. e4 c5 2. Nf3 d6 3. d4 cxd4 4.
Nxd4 Nf6 5. Nc3 a6 6. Be3 e5 7. Nf3 Be7 8. Bc4 O-O 9. Bb3 Be6 10. O-O Qc7 11. Qe2 Nbd7 12. Rfd1 Rfc8 13. h3 b5 14. a3 Qb7 15. Bg5 h6 16. Bxf6 Nxf6 17. Nd5 Bxd5 18. Bxd5 Nxd5 19. Rxd5 b4 20. axb4 Qxb4 21.
c3 Qb3 22. Ra3 Qb7 23. Ne1 Bd8 24. Nd3 a5 25. Qd1 Ra6 26. Rb3 Rb6 27. Rxb6 Qxb6 28. Qa4 Rb8 29. b4 axb4 30. cxb4 Qc7 31. Qa6 Rb6 32.
Qa8 Kh7 33. Kh2 Rb8 34. Qa2 Qe7 35. b5 Bb6 36. Nb4 Qf6 37. Nc6 Bxf2 38. Qd2 Rb6 39. Rxd6 Qh4 40. Rd5 Bg3+ 41. Kh1 Qxe4 42. Qd3 Qxd3 43.
Rxd3 Bf4 44. Rb3 e4 45. Kg1 Bc7 46. g4 g6 47. Kf2 f5 48. gxf5 gxf5 49. Ne7 Bd8 50.
Nd5 Rd6 51. Nf4 Bb6+ 52. Ke2 Rd7 53. Rc3 Ra7 54. Rc6 Ra2+ 55. Kd1 Be3 56. Rc7+ Kg8 57. Rc8+ Kf7 58. Rc7+ Ke8 59. Ne6 f4 60. Ng7+ Kf8 61. Ne6+ Kg8 62. b6 Bxb6 63. Rc8+ Kf7 64. Nxf4 Be3 65.
Rc7+ Ke8 66. Ne6 Bf2 67. Ng7+ Kf8 68. Ne6+ Kg8 69. Rc2 Ra1+ 70. Ke2 Bh4 71. Rc8+ Kf7 72. Nd4 Re1+ 73. Kd2 Rg1 74. Ne2 Rh1 75. Rc7+ Kg6 76. Rc6+ Kh5 77. Nf4+ Kg5 78. Ne6+ Kf5 79. Ng7+ Ke5 80.
Ke3 Bg5+ 81. Ke2 Rh2+ 82. Ke1 Rxh3 83. Re6+ Kf4 84. Ra6 Kf3 0-1

[Event "Early-Titled-Tuesday-Blitz-March-26-2024"]
[Site "Chess.com"]
[Date "2024.03.26"]
[Round "11"]
[White "mortngabriel"]
[Black "ernestina08chess"]
[Result "1-0"]
[WhiteElo "2477"]
[BlackElo "2269"]
[TimeControl "180+1"]
[EndTime "10:07:30 PDT"]
[Termination "mortngabriel won by checkmate"]

1. e4 c5 2. Nf3 d6 3. d4 cxd4 4. Nxd4 Nf6 5. Nc3 a6 6. Be2 e5 7. Nb3 Be7 8. g4 Be6 9. g5 Nfd7 10. h4 Nc6 11. Be3 Qc7 12. Qd2 O-O-O 13. O-O-O Nc5 14.
Kb1 Kb8 15. f4 exf4 16. Bxf4 Nxb3 17. axb3 Ne5 18. Nd5 Bxd5 19. Qxd5 Rc8 20. Rd2 Rhd8 21. Rhd1 f6 22. Be3 Nc6 23. Bg4 Nb4 24. Qd4 Qa5 25.
Qa7+ Kc7 26. Rd4 Nc6 27. Rc4 Ra8 28. Qd4 Kb8 29. Qd5 Qxd5 30. exd5 Ne5 31. Re4 fxg5 32.
hxg5 Kc7 33. Rh1 Rh8 34. Be6 Raf8 35. Bf4 Ng6 36. Be3 Rf3 37. b4 Ne5 38. c3 h6 39.
gxh6 gxh6 40. Rxh6 Rxh6 41. Bxh6 Rf1+ 42. Kc2 Rf2+ 43. Kb3 Nd3 44. Kc4 Nxb2+ 45. Kd4 Bf6+ 46. Ke3 Rh2 47. Bf4 Rh8 48. Kd2 Na4 49. Kc2 Nxc3 50. Rc4+ Kb6 51. Rxc3 Bxc3 52. Kxc3 Kc7 53. Kc4 Rh1 54. Be3 Rh4+ 55. Bd4 b6 56. Kc3 Rh1 57. Kb3 Rb1+ 58. Kc3 a5 59. bxa5 bxa5 60. Kc2 Rb4 61. Bc3 Rb5 62. Kd3 a4 63. Kc4 Rb1 64. Bb4 Rc1+ 65.
Kd3 Rb1 66. Kc3 Rb3+ 67. Kc4 Rb1 68. Bf5 Rc1+ 69. Kb5 Rb1 70. Kxa4 Rd1 71. Be6 Ra1+ 72. Kb3 Rh1 73. Kc4 Rg1 74. Kb5 Rg3 75. Ba5+ Kb7 76. Bd7 Rb3+ 77. Bb4 Rf3 78. Bc6+ Kc7 79. Ba5+ Kc8 80. Kb6 Rf6 81. Bb4 Kb8 82. Bc3 Rg6 83. Bd4 Rh6 84. Bc3 Rg6 85. Bb4 Rh6 86. Bb5 Rg6 87. Kc6 Kc8 88. Bxd6 Rh6 89. Bd3 Rh2 90. Bc5 Rd2 91. Bf5+ Kd8 92. d6 Rc2 93. Bxc2 Kc8 94. d7+ Kd8 95. Bb6+ Ke7 96. d8=Q+ Ke6 97. Qd6+ Kf7 98.
Bd3 Kg7 99. Qe6 Kf8 100. Qd7 Kg8 101. Qe7 Kh8 102. Kd6 Kg8 103. Ke6 Kh8 104. Kf6 Kg8 105. Kg6 Kh8 106. Qe8# 1-0

[Event "Early-Titled-Tuesday-Blitz-March-26-2024"]
[Site "Chess.com"]
[Date "2024.03.26"]
[Round "11"]
[White "Stanbad1"]
[Black "Pedrada88"]
[Result "1/2-1/2"]
[WhiteElo "2654"]
[BlackElo "2561"]
[TimeControl "180+1"]
[EndTime "10:07:47 PDT"]
[Termination "Game drawn - timeout vs insufficient material"]

1. d4 b6 2. Nc3 Bb7 3. Bf4 e6 4. e3 Nf6 5. Nf3 Bb4 6. Bc4 Ne4 7. O-O Nxc3 8. bxc3 Bxc3 9. Rb1 O-O 10. Ne5 d6 11. Nxf7 Rxf7 12. Bxe6 Qf6 13. Bxf7+ Qxf7 14. Qg4 Nd7 15. Rb3 Nf6 16. Qe2 Nd5 17. Bg3 a5 18.
Qc4 Ba6 19. Qc6 Rf8 20. Rfb1 Bd2 21. h3 Nb4 22. Qe4 Nxa2 23. Ra3 Nc3 24. Rxc3 Bxc3 25. Qc6 Bd2 26. Kh2 h6 27. Rb3 Qc4 28. Qd7 Qxc2 29. Qe6+ Kh8 30. Ra3 Qf5 31. Qe7 Qf7 32. Qe4 Bb4 33. Ra1 Bc4 34. Rc1 Bd5 35. Qg4 a4 36. e4 Be6 37. Qd1 a3 38. Qa4 c5 39.
Bxd6 Rd8 40. dxc5 Bxc5 41. Bxc5 Qf4+ 42. g3 Qxc1 43. Bxb6 Rf8 44. Be3 Qb2 45. Kg2 Qf6 46. f4 Qe7 47. e5 Bd5+ 48. Kf2 Rc8 49. Bd4 Qb7 50. Qxa3 Qb3 51. Qxb3 Bxb3 52. f5 Bd5 53. g4 Bg8 54. e6 Re8 55. Kg3 Bxe6 56. fxe6 Rxe6 57.
h4 Kh7 58. h5 Re4 59. Bc5 Kg8 60. Bd6 Kf7 61. Bf4 Kf6 62. Kf3 Rb4 63. Bd6 Rb3+ 64. Kf4 Rb6 65. Be5+ Kf7 66. Bd4 Rb4 67. Ke4 Rb7 68. Kf5 Rb5+ 69. Be5 Rb1 70. Kf4 Rf1+ 71. Ke4 g6 72. Bf4 gxh5 73. gxh5 Kg7 74. Kf5 Rh1 75. Kg4 Rg1+ 76. Kf5 Rg2 77. Be5+ Kh7 78. Bf4 Rg1 79. Kf6 Rg4 80. Kf5 Rh4 81. Be5 Rxh5+ 82. Kf4 Rg5 83. Bf6 Rg6 84. Be7 Kg7 85. Bd8 Kf7 86.
Bb6 Rc6 87. Bf2 Rc4+ 88. Kg3 Kg6 89. Kh3 Kg5 90. Bg3 h5 91. Kh2 Rc3 92. Bd6 Kg4 93. Be5 Rc2+ 94. Kh1 Kh3 95. Bd4 Rd2 96. Be3 Re2 97.
Bd4 Kg3 98. Bc5 h4 99. Bb6 Rc2 100. Ba7 Rc1+ 101. Bg1 Rc8 102. Bd4 h3 103. Be5+ Kg4 104. Bd4 Re8 105. Bc5 Re1+ 106. Kh2 Rc1 107. Bd4 Rc2+ 108. Kh1 Re2 109. Bc5 Rb2 110. Bd4 Rc2 111. Be3 Kf3 112. Ba7 Rg2 113. Bg1 Kg3 114. Bc5 Rd2 115. Bb6 Rd1+ 116. Bg1 Kf3 117. Kh2 Ke2 118. Bb6 Rd3 119. Bc7 Kf1 120. Bg3 1/2-1/2

[Event "Early-Titled-Tuesday-Blitz-March-26-2024"]
[Site "Chess.com"]
[Date "2024.03.26"]
[Round "11"]
[White "NelsonLinda"]
[Black "NovoselovRoman"]
[Result "1/2-1/2"]
[WhiteElo "2642"]
[BlackElo "2558"]
[TimeControl "180+1"]
[EndTime "10:07:58 PDT"]
[Termination "Game drawn - insufficient material"]

1. Nf3 Nf6 2. d4 b6 3. Bg5 Bb7 4. Nbd2 Na6 5. e3 c5 6. Bd3 Rc8 7. c3 e6 8. O-O Be7 9. Re1 Nc7 10. e4 h6 11. Bh4 Nh5 12. Bg3 Nxg3 13. hxg3 O-O 14.
Qe2 d6 15. Rad1 Qe8 16. e5 Rd8 17. Bb1 Qb5 18. Nc4 d5 19. Qc2 g6 20. Ne3 h5 21. Nh4 Bxh4 22. gxh4 Rc8 23. g4 cxd4 24. Rxd4 Qc5 25. a4 Ne8 26. gxh5 Qxd4 27. cxd4 Rxc2 28.
Bxc2 gxh5 29. Rc1 Ng7 30. Bd3 Rc8 31. Rxc8+ Bxc8 32. Kg2 Kf8 33. Kg3 Ke7 34. Kf4 f6 35.
Nf1 Bd7 36. b3 Kf7 37. Ng3 Be8 38. Ke3 f5 39. Ne2 Ke7 40. Nf4 Bf7 41. Be2 Kf8 42. Kd2 Ke7 43. Kc3 Kd7 44. Kb4 Kc6 45. a5 Kc7 46.
Kb5 Kb7 47. axb6 axb6 48. Kb4 Kc7 49. Kc3 Kd7 50. Bb5+ Kc7 51. Kd2 Kd8 52. Ke3 Be8 53.
Be2 Ke7 54. Nh3 Kf7 55. Ng5+ Kg6 56. Ba6 Bf7 57. Bc8 Bg8 58. Kd3 f4 59. Ke2 Kf5 60. Kf3 Ne8 61. Bd7 Nc7 62. b4 Na6 63. b5 Nb4 64.
Nh3 Nc2 65. Nxf4 Nxd4+ 66. Ke3 Nc2+ 67. Kf3 Nd4+ 68. Ke3 Nb3 69. Nxh5 Kxe5 70. f4+ Kd6 71. Be8 Nc5 72. Nf6 Ke7 73. Nxg8+ Kxe8 74. Nf6+ Kf7 75. Ng4 Kg6 76. Ne5+ Kf5 77. h5 Ne4 78. Nd7 Nd6 79.
Nxb6 Nxb5 80. Nc8 Nc3 81. Nd6+ Kf6 82. Kd4 Ne2+ 83. Ke3 Ng3 84. h6 Kg6 85. Kf3 Nh5 86.
Kg4 Nf6+ 87. Kf3 Kxh6 88. Nf7+ Kg6 89. Ne5+ Kf5 90. Nd3 Ne4 91. Ke3 Nd6 92. Kd4 Ne8 93. Ke3 Nf6 94. Kf3 Nh5 95. Ke3 Ng3 96. Kf3 Ne4 97.
Ke3 Nc3 98. Kd4 Nb5+ 99. Ke3 d4+ 100. Kf3 Nc3 101. Nc5 Nd5 102. Nd3 Nb6 103. Nc5 Nc4 104. Nd3 Nd6 105. Nc5 Kf6 106. Ne4+ Nxe4 107. Kxe4 d3 108. Kxd3 Kf5 109. Ke3 e5 110. fxe5 Kxe5 1/2-1/2

[Event "Early-Titled-Tuesday-Blitz-March-26-2024"]
[Site "Chess.com"]
[Date "2024.03.26"]
[Round "11"]
[White "Cambek64"]
[Black "Massakru"]
[Result "1/2-1/2"]
[WhiteElo "2475"]
[BlackElo "2355"]
[TimeControl "180+1"]
[EndTime "10:08:59 PDT"]
[Termination "Game drawn by stalemate"]

1. Nf3 Nf6 2. b3 e6 3. Bb2 b6 4. g3 Bb7 5. Bg2 Be7 6. O-O O-O 7. c4 d5 8. Ne5 Qc8 9. d3 dxc4 10.
bxc4 Bxg2 11. Kxg2 c5 12. e3 Nc6 13. Nxc6 Qxc6+ 14. Qf3 Qd7 15. Rd1 Rac8 16. Nc3 a6 17. a4 e5 18. Ne4 Nxe4 19. dxe4 Qe6 20. Rd5 f6 21. Rad1 Rb8 22. Ba3 b5 23. axb5 axb5 24. Bxc5 Bxc5 25. Rxc5 bxc4 26. Qf5 Qxf5 27. exf5 Rfc8 28.
Rxc8+ Rxc8 29. Kf3 c3 30. Rc1 Rc4 31. e4 g6 32. g4 h5 33. h3 Kg7 34. Ke3 hxg4 35. hxg4 gxf5 36. gxf5 Kf7 37. Rc2 Ke7 38. f3 Kd6 39. Kd3 Rd4+ 40. Kxc3 Ke7 41. Ra2 Rd1 42.
Ra3 Ke8 43. Kc4 Ke7 44. Rd3 Ra1 45. Kd5 Ra6 46. Rb3 Rd6+ 47. Kc5 Rd1 48. Rb7+ Ke8 49.
Rb6 Ke7 50. Re6+ Kf7 51. Rd6 Rc1+ 52. Kb4 Ke7 53. Rd3 Rc2 54. Rc3 Rd2 55. Kc4 Rd4+ 56. Kb3 Rd1 57. Kc2 Ra1 58. Rd3 Ra2+ 59. Kd1 Rf2 60.
Ke1 Ra2 61. Rd2 Ra3 62. Kf2 Rb3 63. Kg3 Rc3 64. Kg4 Rb3 65. Rh2 Kf7 66. Rh7+ Kg8 67. Rd7 Rb1 68. Kh5 Rg1 69. Kh4 Kf8 70. Kh3 Kg8 71.
Rd2 Kf7 72. Rg2 Rh1+ 73. Kg4 Rf1 74. Ra2 Rg1+ 75. Kh3 Kf8 76. Rf2 Kf7 77. f4 exf4 78. Rxf4 Ke7 79. Rg4 Rf1 80. Kg2 Re1 81. Kf2 Ra1 82. Rg8 Ra3 83. Rg3 Ra2+ 84. Ke3 Kd6 85. Kf4 Rf2+ 86. Rf3 Ra2 87. Rd3+ Ke7 88. Ke3 Ra4 89. Rd4 Ra3+ 90. Kf4 Ra1 91. Rd3 Rf1+ 92. Ke3 Ra1 93. Kd4 Ra5 94. Rc3 Kd6 95. Rb3 Ra4+ 96. Ke3 Ra1 97. Rb6+ Ke7 98. Re6+ Kf7 99. Kd4 Rd1+ 100.
Kc5 Rd2 101. Rd6 Re2 102. Rd4 Ke7 103. Kd5 Ra2 104. Rc4 Rd2+ 105. Kc5 Rd1 106. Rd4 Rc1+ 107. Kd5 Ra1 108. Rd2 Ra5+ 109. Kd4 Ra4+ 110. Ke3 Ra3+ 111. Kf4 Ra1 112. Rg2 Rf1+ 113. Ke3 Ra1 114. Rg7+ Kd6 115. Rf7 Re1+ 116. Kf3 Ke5 117. Re7+ Kd4 118. Re6 Rf1+ 119. Ke2 Rf4 120. Re7 Rxe4+ 121. Rxe4+ Kxe4 122. Kf2 Kf4 123. Ke2 Ke4 124. Kf2 Kxf5 125. Kf3 Kg5 126. Kg3 f5 127. Kf3 f4 128. Kf2 Kf6 129. Kf3 Kf5 130. Kf2 Ke5 131. Kf3 Kf5 132. Kf2 Kg4 133. Kg2 f3+ 134. Kf2 Kf4 135. Kf1 Kf5 136. Kf2 Ke4 137. Kf1 Kf4 138. Kf2 Kg4 139. Kf1 Kg3 140. Kg1 f2+ 141. Kf1 Kf3 1/2-1/2